Map: Odyssée EC

Players

zidar - Winner!

  • Race: Zerg Zerg
  • League: Gold
  • Spawn Location: 11:00

Igcraft

  • Race: Zerg Zerg
  • League: Gold
  • Spawn Location: 5:00

VOD

Have the link to the VOD?

Description

Time

  • Played on: July 9, 2017, 2:42 p.m.
  • Length: 4:29
Show
View Real Time Build Order
Export as new Build Order

zidar Zerg - Winner!

Build Orders: Pool First 

Get SALT Encoding   

  12  0:01  Drone  
  13  0:12  Overlord  
  13  0:16  Drone  
  14  0:30  Drone x2  
  16  0:45  Spawning Pool, Drone  
  16  1:08  Hatchery  
  15  1:12  Drone  
  15  1:16  Extractor  
  15  1:17  Drone  
  16  1:26  Drone  
  17  1:34  Queen  
  18  1:49  Spine Crawler  
  18  1:52  Zergling x4  
  19  1:56  Zergling x2  
  20  2:10  Queen  
  22  2:37  Metabolic Boost  
  22  2:48  Zergling x4  
  22  2:49  Zergling x8  
  28  2:59  Baneling Nest  
  27  3:21  Overlord x3  
  27  3:32  Extractor  
  27  3:33  Drone x2  
  28  3:49  Baneling x6  
  28  3:57  Zergling x4  
  30  4:05  Drone x2  
Show
View Real Time Build Order
Export as new Build Order

Igcraft Zerg 

Build Orders: Pool First 

Get SALT Encoding   

  12  0:19  Spawning Pool  
  11  0:24  Drone  
  11  0:27  Drone  
  13  0:31  Drone  
  14  0:38  Extractor  
  14  0:50  Extractor  
  14  0:51  Drone  
  15  1:12  Extractor  
  15  1:13  Extractor  
  15  1:15  Zergling x2  
  15  1:16  Evolution Chamber, Zergling x2  
  14  1:20  Overlord  
  17  1:39  Zergling x4  
  19  1:47  Queen  
  19  1:49  Zergling x2  
  19  1:53  Hatchery  
  21  2:09  Drone  
  21  2:11  Overlord  
  21  2:13  Extractor  
  19  2:48  Drone x3  
  22  2:59  Drone  
  22  3:02  Drone x3  
  26  3:16  Drone x2  
  26  3:19  Queen  
  30  3:21  Queen  
  30  3:24  Drone  
  33  3:34  Drone x3  
  33  3:35  Overlord x2  
  36  3:46  Spine Crawler  
  35  3:51  Evolution Chamber  
  34  4:01  Spine Crawler  
Tags
 
League
GoldGold
Matchup
ZvZ
Race
Zerg
Spawn Locations
Cross Positions
Add a new tag
Caveats
  • Supply blocks, unpowered buildings, or Contaminate may cause inaccurate times.
  • Supply counts are checked every 10 seconds.